 Dungeon Crawl Stone Soup version 0.19.0-24-gb05acd6 (webtiles) character file.

63 smedtjen the Firebug (level 3, -1/19 HPs)
             Began as a Deep Elf Fire Elementalist on Nov 20, 2016.
             Slain by a gnoll
             ... wielding a +0 club
              (5 damage)
             ... on level 2 of the Dungeon.
             The game lasted 00:07:30 (1933 turns).

smedtjen the Firebug (Deep Elf Fire Elementalist)   Turns: 1933, Time: 00:07:30

Health: -1/19      AC:  4    Str:  5    XL:     3   Next: 87%
Magic:  1/10       EV: 12    Int: 20    God:
Gold:   82         SH:  0    Dex: 15    Spells: 2 memorised, 6 levels left

rFire  . . .     SeeInvis .     d - +0 dagger (venom)
rCold  . . .     Gourm    .     p - +0 leather armour
rNeg   . . .     Faith    .     (no shield)
rPois  .         Spirit   .     (no helmet)
rElec  .         Reflect  .     (no cloak)
rCorr  .         Harm     .     (no gloves)
MR     .....                    m - +0 pair of boots
Stlth  ++........               (no amulet)
                                (no ring)
                                (no ring)

@: no status effects
A: no striking features
a: no special abilities


You were on level 2 of the Dungeon.
You were not hungry.

You visited 1 branch of the dungeon, and saw 2 of its levels.

You collected 82 gold pieces.

Inventory:

Hand Weapons
 d - a +0 dagger of venom (weapon)
Armour
 a - a +0 robe
 m - a +0 pair of boots (worn)
 p - a +0 leather armour (worn)
Scrolls
 e - a scroll of enchant weapon {unknown}
 g - a scroll of fear {unknown}
 j - a scroll of recharging {unknown}
 k - a scroll of identify {unknown}
 o - a scroll of remove curse {unknown}
Potions
 f - 3 potions of heal wounds {unknown}
 i - a potion of lignification {unknown}
 n - a potion of haste {unknown}
Books
 b - a book of Flames

   Spells                             Type                      Level
   a - Flame Tongue                   Conjuration/Fire             1
   b - Throw Flame                    Conjuration/Fire             2
   c - Conjure Flame                  Conjuration/Fire             3
   d - Inner Flame                    Hexes/Fire                   3
   e - Sticky Flame                   Conjuration/Fire             4
   f - Fireball                       Conjuration/Fire             5
Comestibles
 c - a bread ration
 l - a meat ration


   Skills:
 + Level 0.1 Fighting
 + Level 1.0 Short Blades
 + Level 2.7 Dodging
 + Level 2.7 Stealth
 + Level 3.6 Spellcasting
 + Level 2.0 Conjurations
 + Level 4.0 Fire Magic


You had 6 spell levels left.
You knew the following spells:

 Your Spells              Type           Power        Failure   Level  Hunger
a - Flame Tongue          Conj/Fire      ###..        10%         1    None
b - Throw Flame           Conj/Fire      ###...       12%         2    ##.....


Dungeon Overview and Level Annotations

Branches:
Dungeon (2/15)

Altars:
Trog


Message History

The gnoll is severely wounded.
The gnoll hits you but does no damage. x2
You hit the gnoll but do no damage.
The gnoll is poisoned.
The gnoll is severely wounded.
The gnoll closely misses you. x2
You hit the gnoll.
The gnoll looks as sick as possible!
The gnoll is almost dead.
You kill the gnoll!
Your Conjurations skill increases to level 2!
The gnoll hits you with a club.
Things that are here:
a whip; a gnoll corpse You hit the gnoll.
The gnoll is poisoned.
The gnoll is moderately wounded.
The gnoll hits you with a club.
* * * LOW HITPOINT WARNING * * *
You hit the gnoll but do no damage.
The gnoll looks as sick as possible!
The gnoll is heavily wounded.
The gnoll hits you with a club.
You die...

#...##......#.# ...#.........##
#...# ............... # ....#
...#.......####.... #....#
#####................ .....#
#...(.##....######### #......
#........(....#### ......#
#####...#####..)g######.......
......### ####@...<.........
.....## ####...>##......#####
.....# #####≈≈§.###...###.......
....#.###⌠#§##≈§.................
....#.##≈≈§§§#§.####.#####.......
....#.##≈...≈#≈.# #.# ########
#######⌠≈...≈#≈.# ##.#########...
#§._†.'..# #............##
#⌠≈...≈#≈## ##############


You could see a gnoll.

Vanquished Creatures
  2 gnolls (D:2)
  2 worms (D:2)
  A dart slug (D:2)
  A leopard gecko (D:1)
  3 giant cockroaches
  5 goblins (D:1)
  3 hobgoblins
  5 kobolds
  5 bats
  4 frilled lizards
  6 rats
37 creatures vanquished.

Notes
Turn   | Place    | Note
-------+----------+-------------------------------------------
     0 | D:1      | smedtjen the Deep Elf Fire Elementalist began the quest for the Orb.
     0 | D:1      | Reached XP level 1. HP: 10/10 MP: 6/6
   204 | D:1      | Reached XP level 2. HP: 15/15 MP: 0/8
   208 | D:1      | Learned a level 2 spell: Throw Flame
  1188 | D:2      | Reached skill level 4 in Fire Magic
  1209 | D:2      | Reached XP level 3. HP: 11/19 MP: 1/9
  1879 | D:2      | Found a bloodstained altar of Trog.
  1922 | D:2      | Reached skill level 1 in Short Blades
  1933 | D:2      | Slain by a gnoll

Skill      XL: |  1  2  3 |
---------------+----------+-----
Fire Magic     | 4 |  4.0
Short Blades   | 1 |  1.0
Conjurations   | 2 |  2.0
Fighting       | |  0.1
Dodging        | |  2.7
Stealth        | |  2.7
Spellcasting   | |  3.6

Action                   || total
-------------------------++-------
Melee: Dagger            ||    43
 Cast: Flame Tongue      ||    33
       Throw Flame       ||    27
  Eat: Meat ration       ||     1
Armor: Robe              ||    23
       Leather armour    ||     1
Dodge: Dodged            ||    44
